 Dungeon Crawl Stone Soup version 0.30.1-4-g462c640d31 (webtiles) character file.

Game seed: 900783160362342839

110 fireball365 the Covered (level 4, 0/40 HPs)
             Began as a Hill Orc Fighter on Sept 17, 2023.
             Slain by an orc priest
             ... wielding a +0 flail
              (9 damage)
             ... on level 3 of the Dungeon.
             The game lasted 00:04:08 (1935 turns).

fireball365 the Covered (Hill Orc Fighter)          Turns: 1935, Time: 00:04:09

Health: 0/40       AC:  7    Str: 26    XL:     4   Next: 91%
Magic:  4/4        EV:  9    Int:  8    God:
Gold:   133        SH:  4    Dex: 10    Spells: 3/3 levels left

rFire   . . .        a - +0 war axe
rCold   . . .        c - +0 buckler
rNeg    . . .        b - +0 scale mail
rPois   .            (no helmet)
rElec   .            (no cloak)
rCorr   .            (no gloves)
SInv    .            (no boots)
Will    .....        (no amulet) Stlth
                     q - +6 ring of strength
HPRegen 0.26/turn    (no ring)
MPRegen 0.09/turn

%: no passive effects
@: no status effects
A: no striking features
a: Convert to Beogh


You were on level 3 of the Dungeon.
You visited 1 branch of the dungeon, and saw 3 of its levels.

You collected 133 gold pieces.

Inventory:

Hand Weapons
 a - a +0 war axe (weapon)
 p - the +9 whip of Stickiness {venom, Dex+2 SInv}
   (You found it on level 3 of the Dungeon)

   Dex:       It affects your dexterity (+2).
   SInv:      It lets you see invisible.
Armour
 b - a +0 scale mail (worn)
 c - a +0 buckler (worn)
Jewellery
 q - a +6 ring of strength (left hand)
Wands
 o - a wand of mindburst (8)
Scrolls
 e - a scroll of teleportation {unknown}
 g - a scroll of magic mapping {unknown}
 h - 5 scrolls of identify {unknown}
 i - a scroll of fear {unknown}
 j - a scroll of noise {unknown}
 k - 3 scrolls of amnesia {unknown}
 l - 2 scrolls of immolation {unknown}
Potions
 d - a potion of might
 f - 2 potions of curing {unknown}
 m - a potion of ambrosia {unknown}
 n - 3 potions of attraction {unknown}
 r - a potion of flight {unknown}


   Skills:
 - Level 3.8 Fighting
 + Level 4.5 Axes
 + Level 4.5 Armour
 + Level 0.2 Dodging
 + Level 3.7 Shields


You had 3 spell levels left.
You didn't know any spells.
Your spell library contained the following spells:

 Spells                   Type           Power      Damage    Failure   Level
 Apportation              Tloc           0%         N/A       75%         1
 Necrotise                Necr           0%         1d4       75%         1
 Summon Small Mammal      Summ           0%         N/A       75%         1
 Inner Flame              Hex/Fire       0%         N/A       98%         3
 Flame Wave               Conj/Fire      0%         2d4       100%        4
 Sticky Flame             Conj/Fire      0%         2d3       100%        4
 Conjure Ball Lightning   Conj/Air       0%         3x3d6     100%        6
 Discord                  Hex            0%         N/A       100%        8
 Disjunction              Tloc           0%         N/A       100%        8


Dungeon Overview and Level Annotations

Branches:
Dungeon (3/15)

Altars:
Kikubaaqudgha

Shops:
D:3 :


Message History

The orc priest mumbles some strange prayers to Beogh against you.
Beogh smites you! The orc closely misses you.
You closely miss the orc. You barely miss the orc.
An orc priest comes into view. It is wielding a +0 war axe.
You slash the orc!
You kill the orc!
You slash the orc!
You kill the orc!
The orc priest shouts, "Beogh is our master!
Accept the truth or die!"
The orc priest closely misses you.
You hit the orc priest.
The orc priest is lightly wounded.
You block the orc priest's attack.
The orc priest hits you but does no damage.
You see here a +3 short sword.
You slash the orc priest!
The orc priest is almost dead.
You closely miss the orc priest. You block the orc priest's attack.
The orc priest calls down the wrath of Beogh upon you.
Beogh smites you!
* * * LOW HITPOINT WARNING * * *
The orc priest hits you with a +0 war axe.
* * * LOW HITPOINT WARNING * * *
The orc priest hits you with a +0 flail.
* * * LOW HITPOINT WARNING * * *
You closely miss the orc priest.
The orc priest is almost dead.
You closely miss the orc priest.
The orc priest shouts, "Beogh is our master!
Accept the truth or die!"
The orc priest closely misses you.
The orc priest hits you but does no damage.
You slash the orc priest!
You kill the orc priest!
You hit the orc priest.
The orc priest hits you but does no damage.
You slash the orc priest!
The orc priest is severely wounded.
The orc priest hits you with a +0 flail!
You die...

######.## #........
######........ ###
#......#.##.## #..
#.###....##.#
#.#######'#####.#
#....+.......'..#
#).# #.♣...♣.#..#
##@)# # ♣._.♣.##.#
#o..### ♣...♣.#...#
#.>.#.+.......+.##.
#.....####+######.#
#............## .##
#.............# ...
#.##.......#.#.#
#.##.......#.######
#.##...............


You could see an orc priest.

Vanquished Creatures
  An orc priest (D:3)
  Ijyb (D:3)
  2 dart slugs
  2 orcs (D:3)
  3 endoplasms
  A giant cockroach (D:2)
  3 goblins
  9 hobgoblins
  5 kobolds
  4 quokkas
  4 ball pythons
  5 bats
  A frilled lizard (D:2)
  6 rats
47 creatures vanquished.

Notes
Turn   | Place    | Note
-------+----------+-------------------------------------------
     0 | D:1      | fireball365 the Hill Orc Fighter began the quest for the
                  | Orb.
     0 | D:1      | Reached XP level 1. HP: 19/19 MP: 1/1
   212 | D:1      | Reached XP level 2. HP: 27/27 MP: 2/2
   654 | D:1      | Reached XP level 3. HP: 28/33 MP: 3/3
  1440 | D:3      | Found an ancient bone altar of Kikubaaqudgha.
  1474 | D:3      | Found a faded altar of an unknown god.
  1575 | D:3      | Noticed Ijyb
  1583 | D:3      | HP: 1/33 [disintegration (11)]
  1584 | D:3      | Killed Ijyb
  1585 | D:3      | Reached XP level 4. HP: 2/40 MP: 4/4
  1621 | D:3      | Identified the +9 whip of Stickiness {venom, Dex+2 SInv}
  1886 | D:3      | Found Aniusi's Book Shoppe.
  1935 | D:3      | Slain by an orc priest

Illustrated notes

Levels and vault maps discovered:
D:1:      wander_arrival_estate, layout_basic, dreamdust_princess_bridge,
          minmay_misc_feat_diagonals, minmay_tree_intersection
D:2:      layout_basic
D:3:      layout_loops_ring, mainiacjoe_overflow_six_doors_small, serial_shops,
          nicolae_shop_real_fake_doors, chequers_ecumenical_altar_simple_redux,
          uniq_ijyb

Skill      XL: |  1  2  3 |
---------------+----------+-----
Axes           | 3 4 |  4.5
Armour         | 4 |  4.5
Fighting       | |  3.8
Dodging        | |  0.2
Shields        | |  3.7

Action                     |  1- 3 |  4- 6 || total
---------------------------+-------+-------++-------
  Melee: War axe           |   116 |    19 ||   135
 Armour: Scale mail        |    43 |    11 ||    54
  Dodge: Dodged            |    74 |    12 ||    86
  Block: Buckler           |    29 |     3 ||    32
